 Dungeon Crawl Stone Soup version 0.29.1-15-g9cfb28693d (webtiles) character file.

Game seed: 13021437647355251211

3157 croobank the Covert (level 9, -3/84 HPs)
             Began as an Octopode Delver on Apr 17, 2023.
             Was a Follower of Hepliaklqana.
             Slain by a komodo dragon (19 damage)
             ... on level 7 of the Dungeon.
             The game lasted 00:22:55 (8244 turns).

croobank the Covert (Octopode Delver)               Turns: 8244, Time: 00:22:55

Health: -3/84      AC: 24    Str: 11    XL:     9   Next: 94%
Magic:  25/25      EV:  2    Int: 17    God:    Hepliaklqana [*.....]
Gold:   385        SH:  0    Dex: 13    Spells: 15/18 levels left

rFire   . . .      SeeInvis +   L - +14 obsidian axe {vorpal, Mesm Drain Fly SInv}
rCold   . . .      Faith    .   (no shield)
rNeg    . . .      Spirit   .   (helmet currently unavailable)
rPois   +          Reflect  .   (no amulet)
rElec   .          Harm     .   w - ring of magical power
rCorr   .          Rampage  .   D - +4 ring of evasion
Will    .....      NoTele   +   (no ring)
Stlth   +++++.....              (no ring)
HPRegen 0.24/turn               (no ring)
MPRegen 0.19/turn               (no ring)
                                (no ring)
                                (no ring)

@: tree-form, mesmerised
A: stationary, stasis, torment immunity, boosted hp, reduced essence, almost no
armour, (amphibious), 8 rings, (camouflage 1), (gelatinous body 1), (nimble
swimmer 1), (tentacles)
a: Renounce Religion, Recall Ancestor, Ancestor Identity


You were on level 7 of the Dungeon.
You worshipped Hepliaklqana.
Hepliaklqana was aware of your devotion.
You were a tree.
You visited 2 branches of the dungeon, and saw 8 of its levels.

You collected 385 gold pieces.

Inventory:

Hand Weapons
 a - the +10 dagger of Voikiuviva {vorpal, rN+}
   (You found it on level 2 of the Dungeon)

   It inflicts extra damage upon your enemies.
   rN:        It protects you from negative energy.
 j - a +0 short sword
 k - a +0 war axe
 m - a +0 rapier of draining
 p - a +2 flail of draining
 s - a +1 hand axe
 C - a +0 dagger of freezing
 J - a +2 flail of protection
 L - the +14 obsidian axe (weapon) {vorpal, Mesm Drain Fly SInv}
   (You found it on level 6 of the Dungeon)

   It inflicts extra damage upon your enemies.
   It occasionally summons demons to assist the wielder when it strikes in
   combat.
   Its wielder is mesmerised by any visible foes.
   It cannot be unequipped while any foes are visible.
   SInv:      It lets you see invisible.
   Fly:       It grants you flight.
   Drain:     It drains your maximum health when unequipped.
Missiles
 o - 11 poisoned darts (quivered)
 u - 6 boomerangs
Magical Staves
 B - a staff of earth
Jewellery
 w - a ring of magical power (left branch)
 z - an amulet of faith
 D - a +4 ring of evasion (right branch)
Wands
 d - a wand of polymorph (10)
 f - a wand of digging (2)
 y - a wand of paralysis (7)
 K - a wand of mindburst (11)
Scrolls
 b - 2 scrolls of fog
 c - 7 scrolls of magic mapping
 g - 2 scrolls of noise
 n - 4 scrolls of brand weapon
 q - 3 scrolls of teleportation
 r - a scroll of poison
 t - a scroll of blinking
 v - a scroll of enchant armour
 H - 2 scrolls of identify
Potions
 e - a potion of haste
 h - 2 potions of resistance
 i - 3 potions of mutation
 A - a potion of attraction
 E - 2 potions of brilliance {unknown}
 F - a potion of curing
 G - a potion of invisibility {unknown}
 I - a potion of degeneration {unknown}


   Skills:
 + Level 6.6 Fighting
 - Level 2.6 Axes
 - Level 2.6 Dodging
 + Level 12.3 Stealth
 + Level 5.0 Spellcasting
 + Level 5.4 Conjurations
 * Level 3.6 Transmutations
 + Level 2.8 Invocations


You had 15 spell levels left.
You knew the following spells:

 Your Spells              Type           Power      Damage    Failure   Level
a - Wereblood             Tmut           16%        N/A       4%          2
b - Magic Dart            Conj           88%        1d7       1%          1

Your spell library contained the following spells:

 Spells                   Type           Power      Damage    Failure   Level
 Searing Ray              Conj           44%        2d6       2%          2
 Beastly Appendage        Tmut           32%        N/A       3%          1
 Shock                    Conj/Air       52%        1d6       4%          1
 Conjure Flame            Conj/Fire      13%        6-21      14%         3
 Spider Form              Tmut/Pois      10%        N/A       21%         3
 Sublimation of Blood     Necr           4%         N/A       22%         2
 Ignite Poison            Fire/Tmut/Pois 8%         N/A       26%         3
 Swiftness                Air            4%         N/A       38%         3
 Fulminant Prism          Conj/Hex       6%         3d7       43%         4
 Sticky Flame             Conj/Fire      13%        2d4       43%         4
 Airstrike                Air            2%         2d(1-17)  80%         4
 Anguish                  Hex/Necr       2%         N/A       80%         4
 Enfeeble                 Hex            2%         N/A       100%        7
 Summon Hydra             Summ           2%         N/A       100%        7


Dungeon Overview and Level Annotations

Branches:
Dungeon (7/15)             Temple (1/1) D:5

Altars:
Ashenzari
Cheibriados
Dithmenos
Fedhas
Gozag
Hepliaklqana
Kikubaaqudgha
Makhleb
Nemelex Xobeh
Okawaru
Qazlal
Ru
Sif Muna
Trog
Uskayaw
Vehumet
Wu Jian
Xom
Yredelemnul
Zin
The Shining One

Shops:
D:2 (   D:6 :

Annotations:
D:2 Natasha
D:4 1 runed translucent door, Crazy Yiuf


Innate Abilities, Weirdness & Mutations

You are a tree.
Your roots penetrate the ground, keeping you stationary.
You cannot be teleported.
You are immune to unholy pain and torment.
Your maximum health is greatly increased.
Your life essence is reduced to manifest your ancestor. (-10% HP)
You cannot wear most types of armour.
((You are amphibious.))
You can wear up to eight rings at the same time.
((Your skin changes colour to match your surroundings (Stealth+).))
((Your rubbery body absorbs attacks. (AC +1, EV +1)))
((You are camouflaged when in or above water. (Stealth+)))
((You have tentacles for arms and can constrict up to eight enemies at once.))


Message History

Your orange demon stings the orc warrior from afar.
The komodo dragon bites you.
* * * LOW HITPOINT WARNING * * *
The orc warrior throws a boomerang.
The boomerang barely misses your orange demon.
The kobold hits you but does no damage.
You hear a shout!
You slice the komodo dragon!!
The komodo dragon is severely wounded.
You barely miss the kobold. You slash the kobold!
You kill the kobold!
Visions of slaying the kobold flood into your mind.
Your orange demon stings the orc warrior from afar.
The komodo dragon barely misses you. The kobold hits you but does no damage.
The orc warrior hits your orange demon from afar with a +0 glaive!
Your orange demon stings the orc warrior but does no damage.
You barely miss the komodo dragon.
The komodo dragon is severely wounded.
You slash the orc wizard! You slash the kobold!
You break out of your daze!
You kill the kobold!
Visions of slaying the orc wizard flood into your mind.
The komodo dragon bites you!
* * * LOW HITPOINT WARNING * * *
The orc wizard hits you but does no damage.
Your orange demon stings the orc warrior!
Your orange demon hits the orc warrior but does no damage.
The komodo dragon bites you but does no damage.
You hit the komodo dragon.
The komodo dragon is almost dead.
You slash the orc wizard!
You are no longer entranced.
You kill the orc wizard!
Visions of slaying the komodo dragon flood into your mind.
The orc warrior hits your orange demon with a +0 glaive!
An orc comes into view. It is wielding a +0 dagger.
Your orange demon barely misses the orc warrior.
Your orange demon hits the orc warrior but does no damage.
The komodo dragon bites you!!
You die...

#.... +...#
#...# .
#####).)' ..
.......)# ...
........# ....
......o.# o....
...##.4o##......
## ##.>)♣l......
#...))).../..
#.<)....)....
+............
##...........
#...........
.........[..
+...?##......
#....# ####


You could see a komodo dragon (mesmerising), an orc warrior (distracted, ally
target), 2 orcs and a friendly orange demon (summoned).

Vanquished Creatures
  Pikel (D:4)
  Grinder (D:4)
  Sigmund (D:2)
  A wyvern (D:6)
  Edmund (D:3)
  A water moccasin (D:6)
  An ice beast (D:5)
  A sky beast (D:7)
  3 black bears
  A centaur (D:6)
  A phantom (D:5)
  2 necrophages (D:6)
  6 scorpions
  A jelly (D:4)
  An orc priest (D:7)
  3 hounds (D:5)
  5 iguanas
  Ijyb (D:4)
  5 orc wizards (D:7)
  11 gnolls
  4 adders
  A shadow imp (D:6)
  4 white imps
  2 ufetubi
  3 worms
  A dart slug (D:5)
  14 orcs
  4 ball pythons
  9 endoplasms
  2 giant cockroaches
  8 goblins
  5 hobgoblins
  12 jackals (D:1)
  11 kobolds
  4 quokkas
  A bat (D:2)
  5 frilled lizards
  4 rats
142 creatures vanquished.

Vanquished Creatures (collateral kills)
  A kobold brigand (D:7)
  Blork the orc (D:7)
  An orc priest (D:7)
  3 orcs (D:7)
  3 kobolds (D:7)
9 creatures vanquished.

Vanquished Creatures (others)
  An ancestor (D:7)
  A quokka (D:7)
2 creatures vanquished.

Grand Total: 153 creatures vanquished

Notes
Turn   | Place    | Note
-------+----------+-------------------------------------------
     0 | D:5      | croobank the Octopode Delver began the quest for the Orb.
     0 | D:5      | Reached XP level 1. HP: 16/16 MP: 1/1
     8 | D:5      | Noticed a scorpion
    22 | D:5      | Noticed an iguana
    78 | D:5      | Noticed a hound
    98 | D:4      | Noticed Grinder
   501 | D:2      | Noticed Natasha
   524 | D:1      | Reached XP level 2. HP: 12/21 MP: 2/2
   965 | D:1      | Reached XP level 3. HP: 26/26 MP: 3/3
  1388 | D:1      | Reached skill level 7 in Stealth
  1937 | D:2      | Identified the +10 dagger of Voikiuviva {vorpal, rN+}
  2001 | D:2      | Reached XP level 4. HP: 31/31 MP: 4/4
  2230 | D:2      | Found Ewier's Antique Weapon Shoppe.
  2230 | D:2      | Noticed Sigmund
  2238 | D:2      | Killed Sigmund
  2239 | D:2      | Reached skill level 9 in Stealth
  2239 | D:2      | Reached XP level 5. HP: 36/36 MP: 5/5
  2240 | D:2      | Found a faded altar of an unknown god.
  2249 | D:2      | Reached XP level 6. HP: 37/42 MP: 6/6
  2319 | D:2      | Learned a level 2 spell: Wereblood
  2618 | D:3      | Learned a level 1 spell: Magic Dart
  2813 | D:3      | Noticed a water elemental
  2815 | D:3      | Found a stormy altar of Qazlal.
  2831 | D:3      | Noticed an air elemental
  2831 | D:3      | Noticed a fire elemental
  3249 | D:4      | Killed Grinder
  3250 | D:4      | Reached skill level 1 in Spellcasting
  3250 | D:4      | Reached skill level 1 in Conjurations
  3250 | D:4      | Reached XP level 7. HP: 44/48 MP: 9/9
  3261 | D:4      | Reached skill level 10 in Stealth
  3505 | D:4      | Found a runed translucent door.
  3506 | D:4      | Noticed Crazy Yiuf
  3724 | D:4      | Noticed Edmund
  3769 | D:4      | Noticed Ijyb
  3777 | D:4      | Killed Ijyb
  4047 | D:4      | Noticed Blork the orc
  4340 | D:4      | Noticed Pikel
  4359 | D:4      | Killed Pikel
  4360 | D:4      | Reached skill level 5 in Fighting
  4360 | D:4      | Reached skill level 11 in Stealth
  4360 | D:4      | Reached XP level 8. HP: 38/55 MP: 13/13
  4592 | D:4      | Found a hide-covered altar of Uskayaw.
  4623 | D:4      | Found an ancient bone altar of Kikubaaqudgha.
  5031 | D:3      | Killed Edmund
  5346 | D:5      | Reached XP level 9. HP: 62/62 MP: 15/15
  5565 | D:5      | Found a staircase to the Ecumenical Temple.
  5633 | Temple   | Entered the Ecumenical Temple
  5633 | Temple   | Noticed an Executioner
  5633 | Temple   | Noticed an ice devil
  5633 | Temple   | Noticed a Hell Sentinel
  5662 | Temple   | Noticed Miotia the pandemonium lord
  5662 | Temple   | Noticed Halis the pandemonium lord
  5663 | Temple   | Noticed an orange demon
  5691 | Temple   | Became a worshipper of Hepliaklqana the Forgotten
  5693 | Temple   | Noticed Fount the pandemonium lord
  5694 | Temple   | Noticed a rust devil
  5709 | Temple   | Noticed Taafin the pandemonium lord
  5722 | Temple   | Noticed Hilaicoc the pandemonium lord
  5737 | Temple   | Noticed a balrug
  5738 | Temple   | Noticed Niklioce the pandemonium lord
  6110 | D:5      | Reached skill level 1 in Transmutations
  6439 | D:5      | Reached skill level 1 in Invocations
  6633 | D:6      | Found Xuve's Self-Improvement Boutique.
  7295 | D:6      | Reached skill level 12 in Stealth
  7295 | D:6      | Reached skill level 5 in Conjurations
  7989 | D:6      | Found the +14 obsidian axe {vorpal, Mesm Drain Fly SInv}
  8043 | D:6      | Reached * piety under Hepliaklqana
  8217 | D:7      | Killed Blork the orc
  8234 | D:7      | Noticed a komodo dragon
  8236 | D:7      | Reached skill level 5 in Spellcasting
  8244 | D:7      | Slain by a komodo dragon

Illustrated notes

Levels and vault maps discovered:
D:1:      scummos_arrival_simple_crosswalls, layout_rooms,
          minmay_misc_feat_rows, minmay_misc_feat_columns,
          minmay_misc_feat_rugged
D:2:      layout_basic, serial_shops, shop, chequers_ecumenical_altar_simple,
          uniq_natasha, uniq_sigmund
D:3:      layout_basic, nicolae_qazlal_style_of_elements, lightli_corner_chamber
D:4:      layout_gridville, mainiacjoe_overflow_two_lobes, uniq_blork_the_orc,
          uniq_ijyb, uniq_crazy_yiuf_cottage, uniq_grinder, uniq_pikel,
          uniq_edmund
D:5:      minmay_recursive_quarters, layout_gridville, minmay_temple_entry_mist,
          item_on_display_a
D:6:      layout_loops_corners, nicolae_shop_self_help
D:7:      layout_gridville, elyvilon_altar_4
Temple:   nicolae_temple_panitentiary

Skill      XL: |  1  2  3  4  5  6  7  8  9 |
---------------+----------------------------+-----
Stealth        | 7 9 11 12 | 12.3
Fighting       | 4 5 6 |  6.6
Spellcasting   | 1 3 4 5 |  5.0
Conjurations   | 1 3 4 5 |  5.4
Transmutations | 3 |  3.6
Invocations    | 2 |  2.8
Axes           | |  2.6
Dodging        | |  2.6

Action                   |  1- 3 |  4- 6 |  7- 9 || total
-------------------------+-------+-------+-------++-------
Melee: Hand axe          |    71 |       |       ||    71
       Constrict         |    19 |     4 |    25 ||    48
       Tentacles         |    13 |     4 |    24 ||    41
       Dagger            |     6 |    31 |   127 ||   164
       Broad axe         |       |       |    19 ||    19
       Punch             |       |       |     2 ||     2
 Cast: Magic Dart        |       |    15 |    67 ||    82
       Wereblood         |       |     3 |     6 ||     9
Evoke: Wand              |       |       |     1 ||     1
  Use: Scroll            |     1 |     2 |    14 ||    17
       Potion            |       |       |     7 ||     7
 Stab: Sleeping          |    16 |     8 |    13 ||    37
       Distracted        |       |     1 |       ||     1
Armor: Skin              |     9 |     1 |    10 ||    20
Dodge: Dodged            |    47 |     5 |   112 ||   164
